cohdb
Replays
Latest Replays
All Replays
Popular Replays
Top Player Replays
Match Explorer
How It Works
Community
CoH3 Stats
Reddit
Sign in to upload your games and track your stats! →
Sign in with Steam
Match 46286212
Unlisted
Match 46286212
Overview
Messages
Build Orders
End
Pioneer Squad
Construct Infanterie Kompanie
Selects Breakthrough Battlegroup
Selects Assault Grenadiers
Grenadier Squad
MG 42 Machine Gun Team
Grenadier Squad
MG 42 Machine Gun Team
Selects Breakthrough
Infanterie Officer Quarters
Construct Luftwaffe Kompanie
221 Scout Car
Selects Mechanized Assault Group
Mechanized Assault Group
Jäger Squad
Support Elements
Medical Station
Vlavius
Alexem
T.R. Olvadi
Nico-Nico-Nii~~
0
0
Comments
sign in to comment!
No comments posted yet!